PAA
SAN BERNARDINO GRASSHOPPERS @ MERCER ISLAND SCREAMING EAGLES
07/10/2037
 
TOP OF THE 1ST
San Bernardino Grasshoppers batting - Pitching for Mercer Island Screaming Eagles : LHP Clarence Gilbert
Pitching: LHP Clarence Gilbert
Batting: RHB Michael Carter 0-0: Ball
1-0: Foul Ball, location: 2F
1-1: Swinging Strike
1-2: Strikes out swinging
Batting: RHB Rio Clark 0-0: Swinging Strike
0-1: Foul Ball, location: 2F
0-2: Ball
1-2: Fly out, F7 (Flyball, 7LSF, EV 84.4 MPH)
Batting: LHB Stephen Goldobenko 0-0: Called Strike
0-1: DOUBLE (Line Drive, 89D, EV 107.5 MPH)
Batting: RHB Lawrence Stokes 0-0: Called Strike
0-1: SINGLE (Flyball, 78S, EV 92.5 MPH)
Stephen Goldobenko to third
Batting: RHB Albert Seals 0-0: Ball
1-0: Ball
2-0: Ball
3-0: Called Strike
3-1: Base on Balls
Lawrence Stokes to second
Batting: RHB Ethan Brierley 0-0: Ball
1-0: Foul Ball, location: 2F
1-1: GRAND SLAM HOME RUN (Flyball, 7D, EV 101.2 MPH), Distance : 375 ft
Batting: LHB Riley Rowbery 0-0: Fly out, F8 (Line Drive, 8LM, EV 91.2 MPH)
Top of the 1st over - 4 runs, 3 hits, 0 errors, 0 left on base; San Bernardino 4 - Mercer Island 0
BOTTOM OF THE 1ST
Mercer Island Screaming Eagles batting - Pitching for San Bernardino Grasshoppers : RHP Alberto Gómez
Pitching: RHP Alberto Gómez
Batting: RHB Vaughn White 0-0: Ball
1-0: SINGLE (Groundball, 56D, EV 95.6 MPH)
Batting: RHB Maxence Sultanbekov 0-0: Called Strike
Vaughn White is caught stealing 2nd base 2-4
0-1: Ball
1-1: DOUBLE (Flyball, 8RXD, EV 86.9 MPH)
Batting: LHB Ricardo Varela 0-0: Foul Ball, location: 2F
0-1: Ball
1-1: Ball
2-1: Ball
3-1: Foul Ball, location: 2F
3-2: Foul Ball, location: 2F
3-2: SINGLE (Groundball, 4D, EV 105.6 MPH)
Maxence Sultanbekov to third
Runner from 3rd tries for Home, SAFE, throw by RF to home
Batting: RHB Ryoichi Yoshida 0-0: Ball
Wild Pitch!
Ricardo Varela to second
1-0: Foul Ball, location: 2F
1-1: Ball
2-1: Foul Ball, location: 2F
2-2: Ground out 4-3 (Groundball, 4, EV 93.8 MPH)
Ricardo Varela to third
Batting: SHB Temaki Yuka 0-0: Called Strike
0-1: Foul Ball, location: 2F
0-2: SINGLE (Groundball, 4D, EV 101.9 MPH)
Ricardo Varela scores
Batting: RHB Frank Ray 0-0: Called Strike
0-1: Foul Ball, location: 2F
0-2: Strikes out looking
Bottom of the 1st over - 2 runs, 4 hits, 0 errors, 1 left on base; San Bernardino 4 - Mercer Island 2
TOP OF THE 2ND
San Bernardino Grasshoppers batting - Pitching for Mercer Island Screaming Eagles : LHP Clarence Gilbert
Batting: RHB Pancho Espinoza 0-0: SINGLE (Line Drive, 4D, EV 110.0 MPH)
Batting: RHB Tome Uso 0-0: Called Strike
0-1: Ball
1-1: Fly out, F8 (Line Drive, 8LD, EV 111.2 MPH)
Batting: RHB Michael Carter 0-0: Ball
1-0: SINGLE (Line Drive, 8LS, EV 99.4 MPH)
Pancho Espinoza to second
Batting: RHB Rio Clark 0-0: Ball
1-0: Ball
2-0: Foul Ball, location: 2F
2-1: Ball
3-1: Base on Balls
Pancho Espinoza to third
Michael Carter to second
Batting: LHB Stephen Goldobenko 0-0: Ball
1-0: Fly out, F8 (Line Drive, 89M, EV 103.8 MPH)
Runner from 3rd tags up, SCORES, no throw by CF
Batting: RHB Lawrence Stokes 0-0: Ball
1-0: Fielders Choice at 2nd, 6-4 (Groundball, 6, EV 86.9 MPH)
Top of the 2nd over - 1 run, 2 hits, 0 errors, 2 left on base; San Bernardino 5 - Mercer Island 2
BOTTOM OF THE 2ND
Mercer Island Screaming Eagles batting - Pitching for San Bernardino Grasshoppers : RHP Alberto Gómez
Batting: RHB Asbel Kiprop 0-0: Ground out 5-3 (Groundball, 56S, EV 62.5 MPH)
Batting: SHB Jeffery Simpson 0-0: Ball
1-0: Called Strike
1-1: Swinging Strike
1-2: Ball
2-2: Foul Ball, location: 2F
2-2: Foul Ball, location: 2F
2-2: Ground out 6-3 (Groundball, 6, EV 88.1 MPH)
Batting: LHB Doug Cole 0-0: Ball
1-0: Foul Ball, location: 2F
1-1: Ball
2-1: Ball
3-1: Base on Balls
Batting: RHB Vaughn White 0-0: Ball
1-0: Ball
2-0: Ball
3-0: Base on Balls
Doug Cole to second
Batting: RHB Maxence Sultanbekov 0-0: Ball
1-0: Ball
2-0: DOUBLE (Line Drive, 78D, EV 108.1 MPH)
Doug Cole scores
Vaughn White to third
Runner from 3rd tries for Home, SAFE, no throw by CF
Batting: LHB Ricardo Varela 0-0: Called Strike
0-1: Ground out U3 (Groundball, 3S, EV 83.8 MPH)
Bottom of the 2nd over - 2 runs, 1 hit, 0 errors, 1 left on base; San Bernardino 5 - Mercer Island 4
TOP OF THE 3RD
San Bernardino Grasshoppers batting - Pitching for Mercer Island Screaming Eagles : LHP Clarence Gilbert
Batting: RHB Albert Seals 0-0: DOUBLE (Line Drive, 9LM, EV 108.1 MPH)
Batting: RHB Ethan Brierley 0-0: DOUBLE (Line Drive, 89D, EV 107.5 MPH)
Albert Seals scores
Pitching: RHP Rex Aguilera
Batting: LHB Riley Rowbery 0-0: 2-RUN HOME RUN (Flyball, 9D, EV 90.6 MPH), Distance : 382 ft
Batting: RHB Pancho Espinoza 0-0: Ball
1-0: Called Strike
1-1: Foul Ball, location: 2F
1-2: Ball
2-2: Fly out, F9 (Flyball, 9D, EV 101.9 MPH)
Batting: RHB Tome Uso 0-0: Foul Ball, location: 2F
0-1: Foul Ball, location: 2F
0-2: Fly out, F9 (Flyball, 9S, EV 84.4 MPH)
Batting: RHB Michael Carter 0-0: Ball
1-0: Ball
2-0: Called Strike
2-1: Foul Ball, location: 2F
2-2: Fly out, F9 (Flyball, 9S, EV 94.4 MPH)
Top of the 3rd over - 3 runs, 3 hits, 0 errors, 0 left on base; San Bernardino 8 - Mercer Island 4
BOTTOM OF THE 3RD
Mercer Island Screaming Eagles batting - Pitching for San Bernardino Grasshoppers : RHP Alberto Gómez
Batting: RHB Ryoichi Yoshida 0-0: Ball
1-0: Called Strike
1-1: Ball
2-1: Foul Ball, location: 2F
2-2: Strikes out looking
Batting: SHB Temaki Yuka 0-0: Swinging Strike
0-1: Ball
1-1: Ball
2-1: Ball
3-1: Base on Balls
Batting: RHB Frank Ray 0-0: Ball
1-0: DOUBLE (Flyball, 89XD, EV 93.1 MPH)
Temaki Yuka to third
Batting: RHB Asbel Kiprop 0-0: Foul Ball, location: 2F
0-1: Foul Ball, location: 2F
0-2: Ball
1-2: Ball
2-2: Ball
3-2: Foul Ball, location: 2F
3-2: Foul Ball, location: 2F
3-2: Ground out 6-3 (Groundball, 6, EV 98.8 MPH)
Temaki Yuka scores
Batting: SHB Jeffery Simpson 0-0: Called Strike
0-1: Fly out, F7 (Flyball, 78D, EV 103.1 MPH)
Bottom of the 3rd over - 1 run, 1 hit, 0 errors, 1 left on base; San Bernardino 8 - Mercer Island 5
TOP OF THE 4TH
San Bernardino Grasshoppers batting - Pitching for Mercer Island Screaming Eagles : RHP Rex Aguilera
Batting: RHB Rio Clark 0-0: Ball
1-0: Foul Ball, location: 2F
1-1: Ball
2-1: Ground out 6-3 (Groundball, 6, EV 85.6 MPH)
Batting: LHB Stephen Goldobenko 0-0: Ball
1-0: Foul Ball, location: 2F
1-1: Called Strike
1-2: Strikes out swinging
Batting: RHB Lawrence Stokes 0-0: Ball
1-0: Ball
2-0: Ball
3-0: Called Strike
3-1: Foul Ball, location: 2F
3-2: Ground out 6-3 (Groundball, 6, EV 108.1 MPH)
Top of the 4th over - 0 runs, 0 hits, 0 errors, 0 left on base; San Bernardino 8 - Mercer Island 5
BOTTOM OF THE 4TH
Mercer Island Screaming Eagles batting - Pitching for San Bernardino Grasshoppers : RHP Alberto Gómez
Batting: LHB Doug Cole 0-0: Called Strike
0-1: Ball
1-1: Foul Ball, location: 2F
1-2: Foul Ball, location: 2F
1-2: Foul Ball, location: 2F
1-2: SOLO HOME RUN (Flyball, 9LD, EV 88.1 MPH), Distance : 345 ft
Pitching: RHP Mihai Dumitru
Batting: RHB Vaughn White 0-0: Called Strike
0-1: Foul Ball, location: 2F
0-2: Ground out 5-3 (Groundball, 56S, EV 69.4 MPH)
Batting: RHB Maxence Sultanbekov 0-0: Swinging Strike
0-1: Ball
1-1: Ball
2-1: Ball
3-1: Foul Ball, location: 2F
3-2: Strikes out swinging
Pitching: RHP Knud Herrewijn
Batting: LHB Ricardo Varela 0-0: Called Strike
0-1: Ground out 4-3 (Groundball, 4, EV 77.5 MPH)
Bottom of the 4th over - 1 run, 1 hit, 0 errors, 0 left on base; San Bernardino 8 - Mercer Island 6
TOP OF THE 5TH
San Bernardino Grasshoppers batting - Pitching for Mercer Island Screaming Eagles : RHP Rex Aguilera
Batting: RHB Albert Seals 0-0: Ball
1-0: Ball
2-0: Ball
3-0: Base on Balls
Batting: RHB Ethan Brierley 0-0: SINGLE (Line Drive, 89S, EV 103.1 MPH)
Albert Seals to second
Batting: LHB Riley Rowbery 0-0: Called Strike
0-1: Foul Ball, location: 2F
0-2: Strikes out swinging
Batting: RHB Pancho Espinoza 0-0: Foul Ball, location: 2F
0-1: Ball
1-1: Ball
2-1: TRIPLE (Flyball, 89XD, EV 95.6 MPH)
Albert Seals scores
Ethan Brierley scores
Batting: RHB Tome Uso 0-0: Called Strike
0-1: Ground out 6-3 (Groundball, 6, EV 85.0 MPH)
Pancho Espinoza scores
Batting: RHB Michael Carter 0-0: Ball
1-0: Ball
2-0: Ball
3-0: Called Strike
3-1: SOLO HOME RUN (Flyball, 9D, EV 99.4 MPH), Distance : 370 ft
Pitching: RHP Carlos Cardoso
Batting: RHB Rio Clark 0-0: Swinging Strike
0-1: Foul Ball, location: 2F
0-2: Strikes out looking
Top of the 5th over - 4 runs, 3 hits, 0 errors, 0 left on base; San Bernardino 12 - Mercer Island 6
BOTTOM OF THE 5TH
Mercer Island Screaming Eagles batting - Pitching for San Bernardino Grasshoppers : RHP Knud Herrewijn
Batting: RHB Ryoichi Yoshida 0-0: Ball
1-0: Ball
2-0: Ball
3-0: Base on Balls
Batting: SHB Temaki Yuka 0-0: Fielders Choice at 2nd, 1-6 (Groundball, P, EV 90.0 MPH)
Batting: RHB Frank Ray 0-0: Foul Ball, location: 2F
0-1: Foul Ball, location: 2F
0-2: Foul Ball, location: 2F
0-2: Strikes out swinging
Batting: RHB Asbel Kiprop 0-0: Called Strike
0-1: Called Strike
0-2: Ball
1-2: Ball
2-2: Strikes out swinging
Bottom of the 5th over - 0 runs, 0 hits, 0 errors, 1 left on base; San Bernardino 12 - Mercer Island 6
TOP OF THE 6TH
San Bernardino Grasshoppers batting - Pitching for Mercer Island Screaming Eagles : RHP Carlos Cardoso
Batting: LHB Stephen Goldobenko 0-0: Ball
1-0: DOUBLE (Line Drive, 9LM, EV 88.1 MPH)
Batting: RHB Lawrence Stokes 0-0: Called Strike
0-1: Foul Ball, location: 2F
0-2: Ball
1-2: Fly out, F9 (Flyball, 9LSF, EV 85.6 MPH)
Batting: RHB Albert Seals 0-0: Called Strike
0-1: Ball
1-1: Foul Ball, location: 2F
1-2: Ball
2-2: Ground out 4-3 (Groundball, 4, EV 101.2 MPH)
Stephen Goldobenko to third
Batting: RHB Ethan Brierley 0-0: Ground out 6-3 (Groundball, 6, EV 86.9 MPH)
Top of the 6th over - 0 runs, 1 hit, 0 errors, 1 left on base; San Bernardino 12 - Mercer Island 6
BOTTOM OF THE 6TH
Mercer Island Screaming Eagles batting - Pitching for San Bernardino Grasshoppers : RHP Knud Herrewijn
Batting: SHB Jeffery Simpson 0-0: Called Strike
0-1: Foul Ball, location: 2F
0-2: Foul Ball, location: 2F
0-2: DOUBLE (Line Drive, 3D, EV 103.8 MPH)
Batting: LHB Doug Cole 0-0: Ball
1-0: Foul Ball, location: 2F
1-1: Ball
2-1: Called Strike
2-2: Foul Ball, location: 2F
2-2: DOUBLE (Groundball, 3L, EV 104.4 MPH)
Jeffery Simpson scores
Batting: RHB Vaughn White 0-0: Called Strike
0-1: Ball
1-1: Called Strike
1-2: Strikes out swinging
Batting: RHB Maxence Sultanbekov 0-0: Ground out 5-3 (Groundball, 56, EV 103.1 MPH)
Batting: LHB Ricardo Varela 0-0: Ground out 4-3 (Groundball, 4, EV 85.6 MPH)
Bottom of the 6th over - 1 run, 2 hits, 0 errors, 1 left on base; San Bernardino 12 - Mercer Island 7
TOP OF THE 7TH
San Bernardino Grasshoppers batting - Pitching for Mercer Island Screaming Eagles : RHP Carlos Cardoso
Batting: LHB Riley Rowbery 0-0: Called Strike
0-1: Swinging Strike
0-2: Ball
1-2: Ball
2-2: Foul Ball, location: 2F
2-2: Foul Ball, location: 2F
2-2: Strikes out swinging
Batting: RHB Pancho Espinoza 0-0: SINGLE (Line Drive, 78S, EV 101.2 MPH)
Batting: RHB Tome Uso 0-0: Grounds into double play, 4-6-3 (Groundball, 4, EV 85.6 MPH)
Top of the 7th over - 0 runs, 1 hit, 0 errors, 0 left on base; San Bernardino 12 - Mercer Island 7
BOTTOM OF THE 7TH
Mercer Island Screaming Eagles batting - Pitching for San Bernardino Grasshoppers : RHP Knud Herrewijn
Batting: RHB Ryoichi Yoshida 0-0: Called Strike
0-1: Ground out 6-3 (Groundball, 6, EV 88.1 MPH)
Batting: SHB Temaki Yuka 0-0: Foul Ball, location: 2F
0-1: DOUBLE (Groundball, 3L, EV 98.1 MPH)
Batting: RHB Frank Ray 0-0: Ball
1-0: Called Strike
1-1: Foul Ball, location: 2F
1-2: Foul Ball, location: 2F
1-2: Foul Ball, location: 2F
1-2: Ball
2-2: Ball
3-2: Foul Ball, location: 2F
3-2: Base on Balls
Batting: RHB Asbel Kiprop 0-0: Foul Ball, location: 2F
0-1: Ball
1-1: Fielders Choice at 2nd, 3-6 (Groundball, 3S, EV 78.1 MPH)
Temaki Yuka to third
Batting: SHB Jeffery Simpson 0-0: Swinging Strike
0-1: Ball
1-1: Ball
2-1: Swinging Strike
2-2: Foul Ball, location: 2F
2-2: Ball
3-2: Base on Balls
Asbel Kiprop to second
Batting: LHB Doug Cole 0-0: Foul Ball, location: 2F
0-1: Ball
1-1: Foul Ball, location: 2F
1-2: Ball
2-2: Ball
3-2: Fly out, F4 (Popup, 34S, EV 83.1 MPH)
Bottom of the 7th over - 0 runs, 1 hit, 0 errors, 3 left on base; San Bernardino 12 - Mercer Island 7
TOP OF THE 8TH
San Bernardino Grasshoppers batting - Pitching for Mercer Island Screaming Eagles : RHP Carlos Cardoso
Batting: RHB Michael Carter 0-0: Swinging Strike
0-1: Foul Ball, location: 2F
0-2: Ball
1-2: Strikes out swinging
Batting: RHB Rio Clark 0-0: Called Strike
0-1: Ball
1-1: Ball
2-1: Swinging Strike
2-2: Fly out, F7 (Line Drive, 7, EV 93.8 MPH)
Batting: LHB Stephen Goldobenko 0-0: Ball
1-0: Called Strike
1-1: Foul Ball, location: 2F
1-2: Foul Ball, location: 2F
1-2: Ball
2-2: Ball
3-2: Base on Balls
Batting: RHB Lawrence Stokes 0-0: Ball
1-0: Called Strike
1-1: Swinging Strike
1-2: Foul Ball, location: 2F
1-2: Ball
2-2: SINGLE (Groundball, 4D, EV 97.5 MPH)
Stephen Goldobenko to second
Runner from 2nd tries for 3rd, SAFE, no throw by CF
Batting: RHB Albert Seals 0-0: Ball
1-0: SINGLE (Groundball, 4S, EV 64.4 MPH) (infield hit)
Stephen Goldobenko scores
Lawrence Stokes to second
Batting: RHB Ethan Brierley 0-0: Ball
1-0: Called Strike
1-1: Called Strike
1-2: Ball
2-2: Ground out 4-3 (Groundball, 4, EV 100.0 MPH)
Top of the 8th over - 1 run, 2 hits, 0 errors, 2 left on base; San Bernardino 13 - Mercer Island 7
BOTTOM OF THE 8TH
Mercer Island Screaming Eagles batting - Pitching for San Bernardino Grasshoppers : RHP Knud Herrewijn
Batting: RHB Vaughn White 0-0: Ball
1-0: SOLO HOME RUN (Flyball, 7D, EV 113.1 MPH), Distance : 384 ft
Batting: RHB Maxence Sultanbekov 0-0: Called Strike
0-1: Ball
1-1: Ground out 6-3 (Groundball, 6, EV 90.6 MPH)
Batting: LHB Ricardo Varela 0-0: Ball
1-0: Foul Ball, location: 2F
1-1: Ground out 1-3 (Groundball, P, EV 71.2 MPH)
Batting: RHB Ryoichi Yoshida 0-0: Ball
1-0: Foul Ball, location: 2F
1-1: Foul Ball, location: 2F
1-2: Ball
2-2: Ball
3-2: DOUBLE (Flyball, 8RXD, EV 98.1 MPH)
Pitching: RHP José Rodríguez
Batting: SHB Temaki Yuka 0-0: Ball
1-0: Foul Ball, location: 2F
1-1: Ball
2-1: Fly out, F7 (Line Drive, 7, EV 108.1 MPH)
Bottom of the 8th over - 1 run, 2 hits, 0 errors, 1 left on base; San Bernardino 13 - Mercer Island 8
TOP OF THE 9TH
San Bernardino Grasshoppers batting - Pitching for Mercer Island Screaming Eagles : RHP Carlos Cardoso
Batting: LHB Riley Rowbery 0-0: Ball
1-0: Ball
2-0: Fly out, F8 (Flyball, 8LM, EV 91.9 MPH)
Batting: RHB Pancho Espinoza 0-0: Swinging Strike
0-1: Ball
1-1: Ball
2-1: Foul Ball, location: 2F
2-2: Ball
3-2: SINGLE (Groundball, 34D, EV 100.0 MPH)
Pitching: RHP Wilson Rangel
Batting: RHB Tome Uso 0-0: SINGLE (Groundball, 56D, EV 102.5 MPH)
Pancho Espinoza to second
Batting: RHB Michael Carter 0-0: Called Strike
0-1: Swinging Strike
0-2: Fly out, F9 (Flyball, 9LMF, EV 92.5 MPH)
Batting: RHB Rio Clark 0-0: Ball
1-0: Called Strike
1-1: Swinging Strike
1-2: Strikes out looking
Top of the 9th over - 0 runs, 2 hits, 0 errors, 2 left on base; San Bernardino 13 - Mercer Island 8
BOTTOM OF THE 9TH
Mercer Island Screaming Eagles batting - Pitching for San Bernardino Grasshoppers : RHP José Rodríguez
Batting: RHB Frank Ray 0-0: Called Strike
0-1: Ball
1-1: Foul Ball, location: 2F
1-2: Ball
2-2: Strikes out swinging
Batting: RHB Asbel Kiprop 0-0: Foul Ball, location: 2F
0-1: Foul Ball, location: 2F
0-2: Ball
1-2: Strikes out swinging
Batting: SHB Jeffery Simpson 0-0: Foul Ball, location: 2F
0-1: Ball
1-1: Called Strike
1-2: Ball
2-2: SINGLE (Line Drive, 89M, EV 103.8 MPH)
Batting: LHB Doug Cole 0-0: Ball
1-0: Ball
2-0: Ball
3-0: Called Strike
3-1: Base on Balls
Jeffery Simpson to second
Batting: RHB Vaughn White 0-0: Ball
1-0: Called Strike
1-1: Swinging Strike
1-2: Ball
2-2: Fly out, F7 (Flyball, 7LMF, EV 90.6 MPH)
Bottom of the 9th over - 0 runs, 1 hit, 0 errors, 2 left on base; San Bernardino 13 - Mercer Island 8
Thursday, January 23rd, 2020 - OOTP Baseball 20.8 Build 74